 Dungeon Crawl Stone Soup version 0.26-a0-649-gf8c6c3aab7 (webtiles) character file.

Game seed: 7891905188898606178

1464 DogServant the Cudgeler (level 8, 84/84 HPs)
             Began as an Ogre Berserker on Sept 26, 2020.
             Was a Priest of Trog.
             Quit the game on level 6 of the Dungeon.
             The game lasted 00:06:51 (6865 turns).

DogServant the Cudgeler (Ogre Berserker)            Turns: 6865, Time: 00:06:51

Health: 84/84      AC:  3    Str: 24    XL:     8   Next: 77%
Magic:  8/8        EV: 13    Int:  8    God:    Trog [***...]
Gold:   380        SH:  0    Dex: 14    Spells: 7/7 levels left

rFire    . . .     SeeInvis .   A - +0 giant spiked club
rCold    . . .     Faith    .   (shield currently unavailable)
rNeg     . . .     Spirit   .   b - +0 animal skin
rPois    .         Reflect  .   (helmet restricted)
rElec    .         Harm     .   (no cloak)
rCorr    .         Rampage  .   (gloves unavailable)
MR       .....                  (boots unavailable)
Stlth    +.........             d - amulet of magic regeneration
HPRegen  0.24/turn              (no ring)
MPRegen  0.36/turn              i - +6 ring of dexterity

@: no status effects
A: large, unfitting armour, tough skin 1
a: Berserk, Trog's Hand, Renounce Religion


You were on level 6 of the Dungeon.
You worshipped Trog.
Trog was most pleased with you.
You visited 1 branch of the dungeon, and saw 6 of its levels.

You collected 380 gold pieces.

Inventory:

Hand Weapons
 A - a +0 giant spiked club (weapon)
Missiles
 k - a throwing net (quivered)
 q - 14 poisoned darts
Armour
 b - a +0 animal skin (worn)
Jewellery
 d - an amulet of magic regeneration (around neck)
 i - a +6 ring of dexterity (right hand)
Wands
 n - a wand of random effects (18)
 t - a wand of paralysis (4)
 B - a wand of flame (14)
Scrolls
 c - 5 scrolls of identify {unknown}
 e - 2 scrolls of enchant weapon {unknown}
 f - 5 scrolls of teleportation {unknown}
 h - 2 scrolls of amnesia {unknown}
 p - a scroll of noise {unknown}
 r - a scroll of immolation {unknown}
 s - a scroll of fog {unknown}
 v - 3 scrolls of remove curse {unknown}
 y - a scroll of acquirement {unknown}
 D - a scroll of fear {unknown}
Potions
 g - 3 potions of lignification {unknown}
 j - 2 potions of curing {unknown}
 l - a potion of might {unknown}
 m - a potion of magic {unknown}
 o - 2 potions of flight {unknown}
 u - a potion of degeneration {unknown}
 w - a potion of heal wounds {unknown}
 x - a potion of mutation {unknown}
 z - a potion of haste
 C - a potion of invisibility {unknown}


   Skills:
 - Level 6.3 Fighting
 + Level 7.1 Maces & Flails
 - Level 2.7 Throwing
 + Level 6.2 Dodging


You had 7 spell levels left.
You didn't know any spells.
Your spell library was empty.

Dungeon Overview and Level Annotations

Branches:
Dungeon (6/15)
 Temple: D:4-7

Altars:
Fedhas
Sif Muna


Innate Abilities, Weirdness & Mutations

You are too large for most types of armour.
You have tough skin. (AC +1)


Message History

There is a stone staircase leading down here.
You climb downwards.
You hear the sound of rushing water.
There is an entrance to a sewer on this level.
Hurry and find it before the portal rusts away!
Found a tourmaline ring.
There is a stone staircase leading up here.
Press: ? - help, Dir - move target cursor
As you read the scroll labeled SYUMPY ONLA, it crumbles to dust.
It was a scroll of blinking.
You hear the sound of rushing water.
There is an entrance to a sewer on this level.
Hurry and find it before the portal rusts away!
Welcome back, DogServant the Ogre Berserker.
Trog says: Kill them all!
Press ? for a list of commands and other information.
You hear the sound of rushing water.
There is an entrance to a sewer on this level.
Hurry and find it before the portal rusts away!
Welcome back, DogServant the Ogre Berserker.
Trog says: Kill them all!
Press ? for a list of commands and other information.
Are you sure you want to abandon this character and quit the game? (Confirm with "yes".)

########
...=...#
......
#....#
##....##
#......+
#..@...#
#..ยง..##
#.....#
#######


There were no monsters in sight!

Vanquished Creatures
  Sigmund (D:4)
  Eustachio (D:4)
  2 ogres
  A black bear (D:5)
  A phantom (D:5)
  A centaur (D:4)
  A necrophage (D:4)
  Blork the orc (D:4)
  A scorpion (D:5)
  A gnoll shaman (D:5)
  3 hounds (D:4)
  An orc priest (D:3)
  2 iguanas
  Terence (D:2)
  3 worker ants (D:5)
  10 gnolls
  4 adders
  A white imp (D:5)
  An ooze (D:2)
  3 worms
  A dart slug (D:1)
  2 leopard geckos
  5 orcs
  12 bats
  2 giant cockroaches
  16 goblins
  11 hobgoblins
  9 jackals
  2 quokkas (D:5)
  A ball python skeleton (D:5)
  4 frilled lizards
  8 kobolds
  A leopard gecko skeleton (D:5)
  A quokka skeleton (D:4)
  7 rats
122 creatures vanquished.

Notes
Turn   | Place    | Note
-------+----------+-------------------------------------------
     0 | D:1      | DogServant the Ogre Berserker began the quest for the Orb.
     0 | D:1      | Reached XP level 1. HP: 24/24 MP: 1/1
     6 | D:1      | Noticed a hound
     6 | D:1      | Noticed a redback
     6 | D:1      | Noticed a salamander
     6 | D:1      | Noticed a crocodile
   100 | D:1      | Reached skill level 3 in Maces & Flails
   100 | D:1      | Reached XP level 2. HP: 10/33 MP: 2/2
  1265 | D:1      | Reached XP level 3. HP: 39/41 MP: 3/3
  1711 | D:2      | Reached skill level 5 in Fighting
  1720 | D:2      | Reached ** piety under Trog
  1891 | D:2      | Reached XP level 4. HP: 41/50 MP: 4/4
  2009 | D:2      | Noticed Terence
  2015 | D:2      | Killed Terence
  2015 | D:2      | Reached skill level 1 in Throwing
  2667 | D:2      | Reached XP level 5. HP: 58/58 MP: 5/5
  3344 | D:3      | Reached skill level 4 in Maces & Flails
  3881 | D:4      | Noticed an ogre
  3889 | D:4      | Killed an ogre
  3889 | D:4      | Reached *** piety under Trog
  3889 | D:4      | Reached XP level 6. HP: 37/68 MP: 6/6
  4042 | D:4      | Noticed a necrophage
  4046 | D:4      | Killed a necrophage
  4106 | D:4      | Reached XP level 7. HP: 68/76 MP: 7/7
  4107 | D:4      | Noticed Eustachio
  4385 | D:4      | Killed Eustachio
  4385 | D:4      | Reached skill level 5 in Maces & Flails
  4533 | D:4      | Found a blossoming altar of Fedhas.
  4691 | D:4      | Found a shimmering blue altar of Sif Muna.
  4704 | D:4      | Noticed Blork the orc
  4709 | D:4      | Killed Blork the orc
  4939 | D:4      | Noticed Sigmund
  4945 | D:4      | Killed Sigmund
  4945 | D:4      | Reached skill level 6 in Maces & Flails
  4945 | D:4      | Reached skill level 5 in Dodging
  4945 | D:4      | Reached XP level 8. HP: 84/84 MP: 8/8
  5268 | D:5      | Entered Level 5 of the Dungeon
  6124 | D:5      | Reached skill level 7 in Maces & Flails
  6865 | D:6      | Quit the game

Illustrated notes

Levels and vault maps discovered:
D:1:      onia_arrival_zoo_common, layout_basic
D:2:      layout_rooms, guppyfry_early_orc_mine, uniq_terence
D:3:      layout_basic, hangedman_decor_peaks_small, kennysheep_generic_room_9
D:4:      layout_rooms, nicolae_overflow_crystal_walls,
          fedhas_bush_and_centaur_altar, uniq_sigmund, uniq_eustachio,
          uniq_blork_the_orc
D:5:      layout_loops_corners
D:6:      layout_gridville, minmay_temple_entry_waves,
          ebering_ghost_rock_garden, serial_shops,
          nicolae_shop_overgrown_old_shop, cheibrodos_sewer_entry_drain,
          uniq_pikel

Skill      XL: |  1  2  3  4  5  6  7  8 |
---------------+-------------------------+-----
Maces & Flails | 3 4 6 7 |  7.1
Fighting       | 5 6 |  6.3
Throwing       | 1 2 |  2.7
Dodging        | 3 5 6 |  6.2

Action                   |  1- 3 |  4- 6 |  7- 9 || total
-------------------------+-------+-------+-------++-------
Melee: Mace              |   125 |   112 |       ||   237
       Giant club        |       |     2 |    74 ||    76
       Giant spiked club |       |       |    64 ||    64
Invok: Berserk           |     2 |     4 |     5 ||    11
  Use: Scroll            |       |       |     1 ||     1
 Stab: Sleeping          |       |     1 |     1 ||     2
Armor: Animal skin       |    44 |    41 |    25 ||   110
Dodge: Dodged            |    94 |   104 |   109 ||   307

Table legend: (Time is in decaauts)
 A = Elapsed time spent in this place.
 B = Non-inter-level travel time spent in this place.
 C = Inter-level travel time spent in this place.
 D = Time resting spent in this place.
 E = Time spent auto-exploring this place.
 F = Levels seen in this place.
 G = Mean time per level.
                   A        B        C        D        E       F      G
               +--------+--------+--------+--------+--------+-----+--------+
         Total |   7058 |   6892 |    166 |   1813 |   4171 |   6 | 1176.3 |
       Dungeon |   7058 |   6892 |    166 |   1813 |   4171 |   6 | 1176.3 |
               +--------+--------+--------+--------+--------+-----+--------+

Top non-repeatable levels by time:
     D:1: 1737 daAuts
     D:5: 1637 daAuts
     D:3: 1255 daAuts
     D:2: 1233 daAuts
     D:4: 1194 daAuts
     D:6: 1 daAuts
